 Dungeon Crawl Stone Soup version 0.26-a0-651-gb41185065b (webtiles) character file.

Game seed: 10721724218313830668

3435 Flugslaktarn the Cleaver (level 9, -3/88 HPs)
             Began as a Deep Dwarf Fighter on Oct 3, 2020.
             Was an Initiate of Makhleb.
             Shot with an arrow by a centaur warrior (15 damage)
             ... on level 9 of the Dungeon.
             The game lasted 00:03:16 (3966 turns).

Flugslaktarn the Cleaver (Deep Dwarf Fighter)       Turns: 3966, Time: 00:03:16

Health: -3/88      AC: 16    Str: 23    XL:     9   Next: 77%
Magic:  4/4        EV:  5    Int:  9    God:    Makhleb [......]
Gold:   321        SH: 11    Dex: 12    Spells: 8/8 levels left

rFire    . . .     SeeInvis .   d - +5 war axe (freeze)
rCold    . . .     Faith    .   c - +0 kite shield
rNeg     . . .     Spirit   .   i - +0 plate armour
rPois    .         Reflect  .   (no helmet)
rElec    .         Harm     .   g - +2 cloak {Stlth+}
rCorr    .         Rampage  .   (no gloves)
MR       +....                  (no boots)
Stlth    ..........             (no amulet)
HPRegen  0.00/turn              n - ring of attention
MPRegen  0.09/turn              (no ring)

@: non-regenerating
A: damage resistance, heal wounds, sense surroundings 2, no regeneration
a: Heal Wounds, Renounce Religion


You were on level 9 of the Dungeon.
You worshipped Makhleb.
Makhleb was noncommittal.
You visited 2 branches of the dungeon, and saw 10 of its levels.

You collected 321 gold pieces.

Inventory:

Hand Weapons
 d - a +5 war axe of freezing (weapon)
   (You took it off Maggie on level 6 of the Dungeon)
 f - a +1 hand axe of flaming
   (You found it on level 2 of the Dungeon)
Armour
 c - a +0 kite shield (worn)
 g - a +2 cloak of stealth (worn)
   (You took it off Crazy Yiuf on level 4 of the Dungeon)
 i - a +0 plate armour (worn)
   (You took it off an orc warrior on level 6 of the Dungeon)
Jewellery
 b - an uncursed ring of protection from magic {unknown}
   (You found it on level 7 of the Dungeon)
 n - a ring of attention (left hand)
   (You found it on level 5 of the Dungeon)
Wands
 j - a wand of iceblast (4)
   (You found it on level 7 of the Dungeon)
Scrolls
 a - a scroll of fog
 e - a scroll of enchant armour
 l - 2 scrolls of magic mapping
 r - 2 scrolls of identify
 t - 4 scrolls of teleportation
 x - 5 scrolls of remove curse
Potions
 h - a potion of invisibility {unknown}
 q - 2 potions of curing
 w - 3 potions of heal wounds


   Skills:
 * Level 7.8 Fighting
 * Level 9.0 Axes
 + Level 6.9 Armour
 + Level 6.9 Shields
 + Level 1.8 Invocations
 + Level 1.8 Evocations


You had 8 spell levels left.
You didn't know any spells.
Your spell library was empty.

Dungeon Overview and Level Annotations

Branches:
Dungeon (9/15)             Temple (1/1) D:7
   Lair: D:8-11         Orc: D:9-12

Altars:
Ashenzari
Cheibriados
Dithmenos
Elyvilon
Fedhas
Gozag
Hepliaklqana
Kikubaaqudgha
Makhleb
Nemelex Xobeh
Okawaru
Qazlal
Sif Muna
Trog
Uskayaw
Xom
Yredelemnul
Zin
The Shining One

Shops:
D:4 (

Annotations:
D:6 2 transporters


Innate Abilities, Weirdness & Mutations

You are resistant to damage.
You can heal yourself by infusing magical energy.
You passively map the area around you.
You do not regenerate.


Message History

The centaur warrior shoots an arrow.
The arrow hits you.
A centaur warrior is nearby!
A centaur warrior is nearby!
The centaur warrior shoots an arrow.
The arrow hits you!
Found a scroll of teleportation.
There is an open door, spattered with blood here.
You see here an arrow.
The centaur warrior shoots an arrow.
The arrow hits you but does no damage.
The centaur warrior shoots an arrow.
The arrow hits you!
* * * LOW HITPOINT WARNING * * *
You see here 2 arrows.
The centaur warrior shoots an arrow.
The arrow hits you!
* * * LOW HITPOINT WARNING * * *
You see here an arrow.
You fail to use your ability.
The centaur warrior shoots an arrow.
You block the arrow.
The centaur warrior shoots an arrow.
The arrow hits you.
* * * LOW HITPOINT WARNING * * *
The centaur warrior shoots an arrow.
The arrow hits you!
You die...

, , ,, ** * * , ,,
...... *.. , *,* ,
,......###.* * , , ,,
.....c.... , # * , ,
.......#.#######?# ,
,.................*
...............# *,
,...............# ,,
,, .......@.(.....# ,
,,
......##(#(#######..#
, ,.....
#.#.(........# , ,
....
#.#.########.#### ,,
... #.#.....# #.#..#
**+#+*, #.#.###.#
#.#<.# ,, * ..#.# #
#.#..# , ,
,###.###.####.#..# ,
#...........)#..#


You could see a centaur warrior.

Vanquished Creatures
  Joseph (D:7)
  Maggie (D:6)
  A troll (D:8)
  A wyvern (D:8)
  2 sky beasts
  An orc warrior (D:6)
  3 phantoms
  An ice beast (D:6)
  2 ogres (D:6)
  3 centaurs
  2 bullfrogs (D:7)
  A gnoll sergeant (D:6)
  2 scorpions
  An oklob sapling (D:7)
  7 wights
  6 hounds
  A jelly (D:8)
  Crazy Yiuf (D:4)
  3 orc priests
  An iguana (D:7)
  Natasha (twice) (D:4)
  2 worker ants (D:4)
  4 orc wizards
  2 hound skeletons
  2 worker ant zombies
  9 adders
  8 gnolls
  An adder skeleton (D:4)
  2 worms
  2 dart slugs (D:4)
  6 leopard geckos
  27 orcs
  A ball python (D:3)
  3 bats (D:2)
  3 giant cockroaches
  5 hobgoblins
  3 quokkas
  A goblin (D:2)
  A jackal skeleton (D:8)
  A kobold (D:3)
  A quokka skeleton (D:5)
  A rat (D:2)
128 creatures vanquished.

Vanquished Creatures (others)
  A fungus (D:4)
  59 plants
60 creatures vanquished.

Grand Total: 188 creatures vanquished

Notes
Turn   | Place    | Note
-------+----------+-------------------------------------------
     0 | D:1      | Flugslaktarn the Deep Dwarf Fighter began the quest for the
                  | Orb.
     0 | D:1      | Reached XP level 1. HP: 20/20 MP: 1/1
    62 | D:2      | Reached XP level 2. HP: 15/28 MP: 2/2
   136 | D:2      | Found a hazy altar of Hepliaklqana.
   137 | D:2      | Found a glowing golden altar of the Shining One.
   217 | D:2      | Reached XP level 3. HP: 32/34 MP: 2/2
   260 | D:2      | Reached skill level 3 in Axes
   326 | D:3      | Reached XP level 4. HP: 12/42 MP: 3/3
   467 | D:4      | Found Yroa's Weapon Emporium.
   561 | D:4      | Reached XP level 5. HP: 42/50 MP: 4/4
   733 | D:4      | Reached skill level 4 in Axes
   760 | D:4      | Noticed Natasha
   773 | D:4      | Killed Natasha
   836 | D:4      | Noticed Natasha
   846 | D:4      | Killed Natasha
   908 | D:4      | Found a runed translucent door.
   909 | D:4      | Noticed Crazy Yiuf
  1081 | D:4      | Reached XP level 6. HP: 40/57 MP: 4/4
  1277 | D:4      | Killed Crazy Yiuf
  1309 | D:5      | Entered Level 5 of the Dungeon
  1450 | D:5      | Noticed a sky beast
  1476 | D:5      | Killed a sky beast
  1476 | D:5      | Reached skill level 5 in Axes
  1817 | D:5      | Reached XP level 7. HP: 31/66 MP: 5/5
  2229 | D:6      | Noticed Maggie
  2270 | D:6      | Reached skill level 5 in Fighting
  2279 | D:6      | Killed Maggie
  2279 | D:6      | Reached skill level 6 in Axes
  2279 | D:6      | Reached skill level 5 in Armour
  2279 | D:6      | Reached skill level 5 in Shields
  2290 | D:6      | Reached XP level 8. HP: 34/75 MP: 3/3
  2423 | D:6      | Reached skill level 7 in Axes
  2489 | D:6      | Found a transporter.
  2602 | D:6      | Gained mutation: You passively map the area around you.
                  | [Deep Dwarf growth]
  2602 | D:6      | Reached XP level 9. HP: 7/85 MP: 4/4
  2677 | D:6      | Noticed a kobold demonologist
  2678 | D:6      | Noticed a kobold demonologist
  2692 | D:6      | Found a transporter.
  2791 | D:7      | Noticed Joseph
  2808 | D:7      | Killed Joseph
  2808 | D:7      | Reached skill level 8 in Axes
  2971 | D:7      | Found a glowing silver altar of Zin.
  3040 | D:7      | Found a staircase to the Ecumenical Temple.
  3430 | Temple   | Entered the Ecumenical Temple
  3520 | Temple   | Became a worshipper of Makhleb the Destroyer
  3622 | D:8      | Noticed a troll
  3633 | D:8      | Killed a troll
  3633 | D:8      | Reached skill level 1 in Invocations
  3633 | D:8      | Reached skill level 1 in Evocations
  3691 | D:8      | Found a snail-covered altar of Cheibriados.
  3780 | D:8      | Reached skill level 9 in Axes
  3961 | D:9      | Noticed a centaur warrior
  3966 | D:9      | Shot with an arrow by a centaur warrior

Illustrated notes

Levels and vault maps discovered:
D:1:      erik_arrival_orb_chamber, layout_basic
D:2:      layout_basic, lemuel_doored_altar, gammafunk_temple_overflow_pools,
          tgw_fedhas
D:3:      layout_basic, kennysheep_boxes, uniq_terence, uniq_ijyb
D:4:      layout_basic, serial_shops, nicolae_shop_crystal, minmay_manual_mess,
          uniq_natasha, uniq_crazy_yiuf_cottage
D:5:      layout_loops_corners, grunt_ministairs_8
D:6:      gammafunk_wand_slinger, layout_rooms, uniq_maggie
D:7:      layout_loops_cross, minmay_temple_entry_oklob, basic_altar,
          uniq_joseph
D:8:      layout_rooms, nicolae_overflow_crystal_walls
D:9:      layout_basic, lair_entry_dummy, erik_orc_1
Temple:   regret_index_temple_mists

Skill      XL: |  1  2  3  4  5  6  7  8  9 |
---------------+----------------------------+-----
Fighting       | 3 4 5 6 7 |  7.8
Axes           | 3 4 5 6 7 9 |  9.0
Shields        | 4 5 6 |  6.9
Armour         | 4 5 6 |  6.9
Invocations    | 1 |  1.8
Evocations     | 1 |  1.8

Action                   |  1- 3 |  4- 6 |  7- 9 || total
-------------------------+-------+-------+-------++-------
Melee: War axe           |    48 |   191 |   219 ||   458
       Hand axe          |    19 |       |       ||    19
 Abil: Heal Wounds       |     2 |    10 |    11 ||    23
Evoke: Wand              |       |       |     4 ||     4
  Use: Potion            |       |     2 |     2 ||     4
       Scroll            |       |       |     7 ||     7
Armor: Scale mail        |    26 |    76 |    43 ||   145
       Plate armour      |       |       |    45 ||    45
Dodge: Dodged            |    26 |    56 |    53 ||   135
Block: Kite shield       |    30 |    90 |   130 ||   250

Table legend: (Time is in decaauts)
 A = Elapsed time spent in this place.
 B = Non-inter-level travel time spent in this place.
 C = Inter-level travel time spent in this place.
 D = Time resting spent in this place.
 E = Time spent auto-exploring this place.
 F = Levels seen in this place.
 G = Mean time per level.
                   A        B        C        D        E       F      G
               +--------+--------+--------+--------+--------+-----+--------+
         Total |   4134 |   3934 |    200 |      0 |   2863 |  10 |  413.4 |
       Dungeon |   4003 |   3828 |    175 |      0 |   2760 |   9 |  444.8 |
        Temple |    130 |    105 |     25 |      0 |    103 |   1 |  130.0 |
               +--------+--------+--------+--------+--------+-----+--------+

Top non-repeatable levels by time:
     D:5: 973 daAuts
     D:4: 879 daAuts
     D:7: 688 daAuts
     D:6: 529 daAuts
     D:8: 381 daAuts
     D:2: 238 daAuts
     D:3: 212 daAuts
  Temple: 130 daAuts
     D:1: 58 daAuts
     D:9: 41 daAuts
